 Dungeon Sprint DCSS version 0.23-a0-565-g3e74e4c (webtiles) character file.

1495 KernelPanic the Cleaver (level 8, -17/124 HPs)
             Began as a Minotaur Berserker on Dec 13, 2018.
             Was an Elder of Trog.
             Killed from afar by a deep elf mage (24 damage)
             ... with a bolt of lightning
             ... in the Dungeon (Sprint V: "Ziggurat Sprint").
             The game lasted 00:03:33 (318 turns).

KernelPanic the Cleaver (Minotaur Berserker)         Turns: 318, Time: 00:03:35

Health: -17/124    AC: 26    Str: 33    XL:     8   Next: 51%
Magic:  7/7        EV:  8    Int:  4    God:    Trog [****..]
Gold:   0          SH:  0    Dex:  5    Spells: 7/7 levels left

rFire    . . .     SeeInvis +   o - +14 obsidian axe {chop, +Fly SInv *Curse} (curse)
rCold    . . .     Gourm    +   (no shield)
rNeg     . . .     Faith    .   j - +5 crystal plate armour
rPois    .         Spirit   .   (helmet restricted)
rElec    .         Reflect  .   (no cloak)
rCorr    .         Harm     .   (no gloves)
MR       .....     NoTele   +   (no boots)
Stlth    ..........             p - amulet of Qeny {Gourm Str+3 Dex-4 SInv Stlth+}
HPRegen  0.30/turn              (no ring)
MPRegen  0.10/turn              (no ring)

@: berserking, mesmerised, drained, very quick
A: retaliatory headbutt, horns 2
a: Berserk, Trog's Hand, Brothers in Arms, Renounce Religion, Evoke Flight


You were in the Dungeon.
You worshipped Trog.
Trog was greatly pleased with you.
You were not hungry.

You visited 1 branch

Inventory:

Hand Weapons
 a - a +0 hand axe
 k - a +5 executioner's axe
 o - the cursed +14 obsidian axe (weapon) {chop, +Fly SInv *Curse}
   (You found it in the Dungeon)

   It inflicts extra damage upon your enemies.
   It lets you see invisible.
   It lets you fly.
   It curses itself when equipped.
   It has a curse placed upon it.
Armour
 b - a +0 animal skin
 j - a +5 crystal plate armour (worn)
 r - a +3 plate armour of poison resistance
Jewellery
 p - the amulet of Qeny (around neck) {Gourm Str+3 Dex-4 SInv Stlth+}
   (You found it in the Dungeon)

   [amulet of the gourmand]

   It allows you to eat raw meat even when not hungry.
   It affects your strength (+3).
   It affects your dexterity (-4).
   It lets you see invisible.
   It makes you more stealthy.
Wands
 l - a wand of disintegration (7)
 m - a wand of iceblast (7)
 n - a wand of acid (7)
Scrolls
 i - a scroll of blinking
Potions
 d - a potion of curing
 e - a potion of heal wounds
 f - a potion of haste
 g - 2 potions of magic
 h - a potion of berserk rage
Miscellaneous
 q - a fan of gales
Comestibles
 c - 7 rations


   Skills:
 + Level 11.8(11.4) Fighting
 + Level 11.8(11.4) Axes
 + Level 11.5(11.1) Armour
 + Level 10.7(10.3) Dodging


You had 7 spell levels left.
You didn't know any spells.
Your spell library was empty.

Dungeon Overview and Level Annotations

Branches:
Dungeon (1/1)

Altars:
Ashenzari
Cheibriados
Dithmenos
Elyvilon
Fedhas
Gozag
Hepliaklqana
Kikubaaqudgha
Makhleb
Nemelex Xobeh
Okawaru
Qazlal
Ru
Sif Muna
Trog
Uskayaw
Vehumet
Wu Jian
Xom
Yredelemnul
Zin
The Shining One
Beogh
Jiyva
Lugonu

Annotations:
D 1 transporter


Innate Abilities, Weirdness & Mutations

You reflexively headbutt those who attack you in melee.
You have a pair of horns on your head.


Message History

Your Fighting skill increases to level 10!
Your Axes skill increases to level 10!
Your Armour skill increases to level 10!
Your Dodging skill increases to level 9!
You slash the +3 battleaxe of chopping!
The +3 battleaxe of chopping falls from the air.
Trog accepts your kill.
You can now call in reinforcements.
Your Fighting skill increases to level 11!
Your Axes skill increases to level 11!
Your Armour skill increases to level 11!
Your Dodging skill increases to level 10!
You have reached level 8!
You feel stronger.
You slash the +1 battleaxe of draining! The +1 battleaxe of draining hits you!
* * * LOW HITPOINT WARNING * * *
You feel drained.
* * * LOW HITPOINT WARNING * * *
The deep elf mage gestures at you while chanting.
The bolt of lightning hits you!
You die...

▓▓▓▓▓▓▓▓▓▓▓▓▓▓▓▓▓▓▓
▓.8©8.▓.8©8.▓.8©8.▓
▓.[::e▓.|.}.▓.....▓
▓..)..▓.....▓.....▓
▓...§.▓.....▓...†.▓
▓.()).▓.....▓.....▓
▓..@..▓..)..▓..©..▓
▓..©..▓.)©..▓▓▓▓▓▓▓
▓▓▓▓▓▓▓▓▓▓▓▓▓


You could see a deep elf mage and a +1 battleaxe of draining.

Vanquished Creatures
  A dancing weapon (D)
  3 deep elf magi (D)
  A river rat (D)
5 creatures vanquished.

Vanquished Creatures (collateral kills)
  An air elemental (D)
  A wolf (D)
2 creatures vanquished.

Vanquished Creatures (others)
  A spatial maelstrom (D)
1 creature vanquished.

Grand Total: 8 creatures vanquished

Notes
Turn   | Place    | Note
-------+----------+-------------------------------------------
     0 | D        | Found the +6 Majin-Bo {vamp, Archmagi MP+6 Int+6}
     0 | D        | Found the +7 great mace "Firestarter" {inner flame, rF++}
     0 | D        | KernelPanic the Minotaur Berserker began the quest for the
                  | Orb.
     0 | D        | Reached XP level 1. HP: 19/19 MP: 0/0
     0 | D        | Found a blossoming altar of Fedhas.
    16 | D        | Found a viscous altar of Jiyva.
    16 | D        | Found a hazy altar of Hepliaklqana.
    16 | D        | Found a transporter.
    16 | D        | Found an opulent altar of Gozag.
    16 | D        | Found an ancient bone altar of Kikubaaqudgha.
    16 | D        | Found a corrupted altar of Lugonu.
    18 | D        | Banished a spatial maelstrom
    20 | D        | Found a burning altar of Makhleb.
    22 | D        | Found a sacrificial altar of Ru.
    22 | D        | Found a stormy altar of Qazlal.
    22 | D        | Found a deep blue altar of Sif Muna.
    22 | D        | Found an iron altar of Okawaru.
    22 | D        | Found a bloodstained altar of Trog.
    22 | D        | Found a sparkling altar of Nemelex Xobeh.
    36 | D        | Found the +9 heavy crossbow "Sniper" {velocity, Acc+∞ SInv}
    36 | D        | Found the +10 dark maul {crush}
    36 | D        | Found the +15 Maxwell's patent armour {-Cast -Tele rElec
                  | MR+ rCorr}
    36 | D        | Found the +18 shield of the Gong {rElec rN+ MR+ EV-5}
    36 | D        | Found the cursed +14 obsidian axe {chop, +Fly SInv *Curse}
    37 | D        | Found the +6 shillelagh "Devastator" {shatter}
    37 | D        | Found the +11 plutonium sword {*Contam Stlth-}
    37 | D        | Found the +8 lance "Wyrmbane" {slay drac, rPois rF+ rC+
                  | AC+3}
    37 | D        | Found the +9 sword of Zonguldrok {reap}
    37 | D        | Found the cursed +13 scythe of Curses {drain, *Curse}
    37 | D        | Found the +0 sword of Power
    37 | D        | Found the +7 mace of Variability {chain chaos}
    37 | D        | Found the +7 Singing Sword {slice, sonic wave}
    37 | D        | Found the +7 longbow "Piercer" {penet, EV-2}
    65 | D        | Entered arena 2.
    65 | D        | Noticed a wolf
    65 | D        | Found a transporter.
    67 | D        | Reached XP level 2. HP: 20/28 MP: 1/1
    70 | D        | Killed a wolf
    70 | D        | Reached skill level 5 in Armour
    70 | D        | Reached skill level 5 in Dodging
    70 | D        | Reached XP level 3. HP: 21/37 MP: 2/2
    70 | D        | Reached XP level 4. HP: 25/44 MP: 3/3
    74 | D        | Got the amulet of Qeny {Gourm Str+3 Dex-4 SInv Stlth+}
    83 | D        | Entered arena 3.
    83 | D        | Noticed a deep elf mage
    83 | D        | Noticed a deep elf mage
    83 | D        | Noticed an air elemental
    83 | D        | Found a transporter.
    84 | D        | Noticed an orange demon
    87 | D        | Killed a deep elf mage
    87 | D        | Reached ** piety under Trog
    87 | D        | Reached XP level 5. HP: 19/53 MP: 4/4
    90 | D        | Noticed a chaos spawn
    92 | D        | Killed an air elemental
    92 | D        | Reached XP level 6. HP: 22/62 MP: 5/5
    94 | D        | Killed a deep elf mage
    94 | D        | Reached *** piety under Trog
    94 | D        | Reached XP level 7. HP: 25/71 MP: 6/6
   312 | D        | Entered arena 4.
   312 | D        | Noticed a deep elf mage
   312 | D        | Noticed a +1 battleaxe of draining
   312 | D        | Noticed a +3 battleaxe of chopping
   312 | D        | Noticed a deep elf mage
   312 | D        | Found a transporter.
   318 | D        | Killed a deep elf mage
   318 | D        | Reached skill level 10 in Fighting
   318 | D        | Reached skill level 10 in Axes
   318 | D        | Reached skill level 10 in Armour
   318 | D        | Killed a +3 battleaxe of chopping
   318 | D        | Reached **** piety under Trog
   318 | D        | Reached skill level 10 in Dodging
   318 | D        | Reached XP level 8. HP: 17/83 MP: 7/7
   318 | D        | Killed from afar by a deep elf mage

Vault maps used:
D:        sprint_v

Skill      XL: |  1  2  3  4  5  6  7 |
---------------+----------------------+-----
Fighting       | 4 6 7 8 9 11 | 11.8
Axes           | 4 6 7 8 9 11 | 11.8
Armour         | 3 5 7 8 9 11 | 11.5
Dodging        | 3 5 6 7 8 10 | 10.7

Action                   |  1- 3 |  4- 6 |  7- 9 || total
-------------------------+-------+-------+-------++-------
Melee: Broad axe         |     4 |     8 |     4 ||    16
       Headbutt          |     1 |       |       ||     1
Invok: Berserk           |       |       |     1 ||     1
Armor: Crystal plate arm |     8 |    18 |     1 ||    27
Dodge: Dodged            |       |     4 |     1 ||     5

Table legend:
 A = Non-vault XP
 B = Vault XP
 C = Vault XP percentage of total XP
 D = Non-vault monster count
 E = Vault monster count
 F = Vault count percentage of total count
                 A         B        C        D         E       F
            +---------+---------+-------+---------+---------+-------
      Total |       0 |    2136 | 100.0 |       0 |       7 | 100.0
            +---------+---------+-------+---------+---------+-------
          D |       0 |    2136 | 100.0 |       0 |       7 | 100.0
            +---------+---------+-------+---------+---------+-------
